 Dungeon Crawl Stone Soup version 0.28.0-53-g5a82cb258f (webtiles) character file.

Game seed: 12602231322487602863

59 Kranky the Carver (level 4, -1/27 (32) HPs)
             Began as a Gnoll Wanderer on June 17, 2022.
             Slain by a gnoll
             ... wielding a +0 club
              (6 damage)
             ... on level 2 of the Dungeon.
             The game lasted 00:04:48 (1736 turns).

Kranky the Carver (Gnoll Wanderer)                  Turns: 1736, Time: 00:04:49

HP:   -1/27 (32)    AC: 10    Str: 15    XL:     4   Next: 3%
MP:   5/5           EV:  7    Int:  8    God:
Gold: 39            SH:  0    Dex: 13    Spells: 5/5 levels left

rFire   . . .      SeeInvis .   f - +0 dagger (drain)
rCold   . . .      Faith    .   (no shield)
rNeg    . . .      Spirit   .   c - +0 chain mail
rPois   .          Reflect  .   (no helmet)
rElec   .          Harm     .   (no cloak)
rCorr   .          Rampage  .   (no gloves)
Will    .....                   (no boots)
Stlth   ..........              (no amulet)
HPRegen 0.09/turn               (no ring)
MPRegen 0.09/turn               (no ring)

@: heavily drained
A: fangs 1, strong nose, distributed training
a: no special abilities


You were on level 2 of the Dungeon.
You visited 1 branch of the dungeon, and saw 2 of its levels.

You collected 39 gold pieces.

Inventory:

Hand Weapons
 a - a +0 falchion
 f - a +0 dagger of draining (weapon)
 i - a +0 flail
Armour
 c - a +0 chain mail (worn)
Scrolls
 e - a scroll of teleportation {unknown}
 g - a scroll of identify {unknown}
Potions
 d - 2 potions of curing {unknown}
 h - a potion of degeneration {unknown}
Miscellaneous
 b - a phantom mirror (quivered)


   Skills:
 + Level 1.0 Fighting
 + Level 1.0 Short Blades
 + Level 8.5 Long Blades
 + Level 1.0 Axes
 + Level 1.0 Maces & Flails
 + Level 1.0 Polearms
 + Level 1.0 Staves
 + Level 1.0 Slings
 + Level 1.0 Bows
 + Level 1.0 Crossbows
 + Level 1.0 Throwing
 + Level 6.5 Armour
 + Level 1.0 Dodging
 + Level 1.0 Stealth
 + Level 1.0 Shields
 + Level 1.0 Unarmed Combat
 + Level 1.0 Spellcasting
 + Level 0.7 Conjurations
 + Level 0.7 Hexes
 + Level 0.7 Summonings
 + Level 0.7 Necromancy
 + Level 0.7 Translocations
 + Level 0.7 Transmutations
 + Level 0.7 Fire Magic
 + Level 0.7 Ice Magic
 + Level 0.7 Air Magic
 + Level 0.7 Earth Magic
 + Level 0.7 Poison Magic
 + Level 1.1 Invocations
 + Level 6.5 Evocations


You had 5 spell levels left.
You didn't know any spells.
Your spell library contained the following spells:

 Spells                   Type           Power      Damage    Failure   Level
 Sandblast                Erth           2%         2d4       99%         1
 Passwall                 Tmut/Erth      0%         N/A       100%        2
 Stone Arrow              Conj/Erth      2%         3d7       100%        3


Dungeon Overview and Level Annotations

Branches:
Dungeon (2/15)

Altars:

Shops:
D:2 *


Innate Abilities, Weirdness & Mutations

You have very sharp teeth.
Your uncanny sense of smell can sniff out nearby items.
Your experience applies equally to all skills.


Message History

The giant cockroach bites you. The gnoll barely misses you.
You hit the giant cockroach but do no damage.
You drain the giant cockroach.
You kill the giant cockroach!
The gnoll hits you but does no damage.
Found 5 gold pieces.
The gnoll hits you with a +0 spear.
You are too injured to fight recklessly!
You are too injured to fight recklessly!
You are too injured to fight recklessly!
The gnoll hits you from afar with a +0 spear.
* * * LOW HITPOINT WARNING * * *
You are too injured to fight recklessly!
You are too injured to fight recklessly!
You are too injured to fight recklessly!
You are too injured to fight recklessly!
You are too injured to fight recklessly!
You are too injured to fight recklessly!
You hit the gnoll.
The gnoll is moderately wounded.
The gnoll barely misses you.
You hit the gnoll but do no damage.
The gnoll is moderately wounded.
The gnoll barely misses you. The gnoll closely misses you.
You hit the gnoll but do no damage.
The gnoll is moderately wounded.
The gnoll closely misses you.
The gnoll hits you from afar with a +0 spear.
* * * LOW HITPOINT WARNING * * *
You barely miss the gnoll.
The gnoll is moderately wounded.
The gnoll hits you but does no damage. The gnoll closely misses you.
You closely miss the gnoll.
The gnoll is moderately wounded.
The gnoll barely misses you.
The gnoll hits you from afar with a +0 spear.
* * * LOW HITPOINT WARNING * * *
You closely miss the gnoll.
The gnoll is moderately wounded.
The gnoll hits you with a +0 club.
You die...

# # ∆ ..# # #.# #####
# #.# #[... #. #.#
#####.### ##.# ##!##
#........
#...###...###########
#.###.###
.............gg@....#
#.# #.# #
......#...#..######.#
#.###.# # #...†.....#
#.# #.##..#
#.#.##..#.#
#.####.##.####
#.#.##..#.#
#......##.##..
..........#
#########.##.#
.#.#.##....# #.#...
.##.#.###..... #...#.
.. #.... #...##.
###...


You could see 2 gnolls.

Vanquished Creatures
  A gnoll (D:2)
  An adder (D:2)
  2 dart slugs (D:1)
  6 bats
  2 endoplasms
  3 giant cockroaches
  3 goblins (D:1)
  5 hobgoblins (D:1)
  2 kobolds
  5 ball pythons
  2 frilled lizards (D:1)
  4 rats
36 creatures vanquished.

Notes
Turn   | Place    | Note
-------+----------+-------------------------------------------
     0 | D:1      | Kranky the Gnoll Wanderer began the quest for the Orb.
     0 | D:1      | Kranky set off with the following items: a +0 falchion, a
                  | phantom mirror, a +0 ring mail
     0 | D:1      | Reached XP level 1. HP: 13/13 MP: 1/1
   324 | D:1      | Reached XP level 2. HP: 17/19 MP: 2/2
   755 | D:1      | Reached XP level 3. HP: 24/25 MP: 3/3
  1474 | D:2      | Reached skill level 1 in Invocations
  1586 | D:2      | Found Oxzicesk's General Store.
  1715 | D:2      | Reached skill level 1 in Fighting
  1715 | D:2      | Reached skill level 1 in Short Blades
  1715 | D:2      | Reached skill level 1 in Axes
  1715 | D:2      | Reached skill level 1 in Maces & Flails
  1715 | D:2      | Reached skill level 1 in Polearms
  1715 | D:2      | Reached skill level 1 in Staves
  1715 | D:2      | Reached skill level 1 in Slings
  1715 | D:2      | Reached skill level 1 in Bows
  1715 | D:2      | Reached skill level 1 in Crossbows
  1715 | D:2      | Reached skill level 1 in Throwing
  1715 | D:2      | Reached skill level 1 in Dodging
  1715 | D:2      | Reached skill level 1 in Stealth
  1715 | D:2      | Reached skill level 1 in Shields
  1715 | D:2      | Reached skill level 1 in Unarmed Combat
  1715 | D:2      | Reached skill level 1 in Spellcasting
  1715 | D:2      | Reached XP level 4. HP: 16/27 MP: 5/5
  1736 | D:2      | Slain by a gnoll

Illustrated notes

Levels and vault maps discovered:
D:1:      mrwooster_arrival_statue, layout_basic, st_stairs_7
D:2:      layout_loops_ring, shapermc_ecumenical_altar_rom_forum, serial_shops,
          shop_statue, minmay_worlds_worst_comb

Skill      XL: |  1  2  3 |
---------------+----------+-----
Invocations    | 1 |  1.1
Fighting       | 1 |  1.0
Short Blades   | 1 |  1.0
Axes           | 1 |  1.0
Maces & Flails | 1 |  1.0
Polearms       | 1 |  1.0
Staves         | 1 |  1.0
Slings         | 1 |  1.0
Bows           | 1 |  1.0
Crossbows      | 1 |  1.0
Throwing       | 1 |  1.0
Dodging        | 1 |  1.0
Stealth        | 1 |  1.0
Shields        | 1 |  1.0
Unarmed Combat | 1 |  1.0
Spellcasting   | 1 |  1.0
Long Blades    | |  8.5
Armour         | |  6.5
Conjurations   | |  0.7
Hexes          | |  0.7
Summonings     | |  0.7
Necromancy     | |  0.7
Translocations | |  0.7
Transmutations | |  0.7
Fire Magic     | |  0.7
Ice Magic      | |  0.7
Air Magic      | |  0.7
Earth Magic    | |  0.7
Poison Magic   | |  0.7
Evocations     | |  6.5

Action                   |  1- 3 |  4- 6 || total
-------------------------+-------+-------++-------
Melee: Falchion          |    76 |       ||    76
       Bite              |     9 |       ||     9
       Punch             |     2 |       ||     2
       Dagger            |    44 |     8 ||    52
Armor: Ring mail         |    72 |       ||    72
       Chain mail        |     6 |     3 ||     9
       Scale mail        |     1 |       ||     1
Dodge: Dodged            |    70 |     7 ||    77
